 Dungeon Crawl Stone Soup version 0.20-a0-2-g2b0e13a (webtiles) character file.

2020 Deemzul the Archer (level 9, -2/73 HPs)
             Began as a Centaur Arcane Marksman on Oct 29, 2016.
             Was a Believer of Okawaru.
             Killed from afar by a crimson imp (32 damage)
             ... with a wand of lightning
             ... on level 8 of the Dungeon.
             The game lasted 00:11:10 (6848 turns).

Deemzul the Archer (Centaur Arcane Marksman)        Turns: 6848, Time: 00:11:11

Health: -2/73      AC:  7    Str: 14    XL:     9   Next: 3%
Magic:  10/10      EV: 14    Int: 12    God:    Okawaru [**....]
Gold:   232        SH:  0    Dex: 14    Spells: 1 memorised, 9 levels left

rFire  . . .     SeeInvis .     l - +3 whip (venom)
rCold  . . .     Gourm    .     e - +0 robe
rNeg   . . .     Faith    .     (no shield)
rPois  .         Spirit   .     t - +0 helmet
rElec  .         Reflect  .     g - +0 cloak
rCorr  .         Harm     .     b - +0 pair of gloves (curse)
MR     .....                    (no barding)
Stlth  +.........               (no amulet)
                                H - +2 ring of dexterity
                                G - +3 ring of evasion

@: very quick
A: hooves 3, deformed body, speed 2, tough skin 3
a: Heroism, Renounce Religion


You were on level 8 of the Dungeon.
You worshipped Okawaru.
Okawaru was pleased with you.
You were not hungry.

You visited 2 branches of the dungeon, and saw 9 of its levels.

You collected 323 gold pieces.
You spent 91 gold pieces at shops.

Inventory:

Hand Weapons
 a - a +0 shortbow
 l - a +3 whip of venom (weapon)
 E - a +0 blowgun
 O - a +1 antimagic halberd
Missiles
 d - 14 arrows
 F - 11 poisoned needles
Armour
 b - a cursed +0 pair of gloves (worn)
 e - a +0 robe (worn)
 g - a +0 cloak (worn)
 t - a +0 helmet (worn)
 M - +0 gold dragon scales
Jewellery
 G - a +3 ring of evasion (left hand)
 H - a +2 ring of dexterity (right hand)
 I - an uncursed ring of stealth
 N - an uncursed ring of magical power
Scrolls
 h - 4 scrolls of remove curse {unknown}
 i - a scroll of fear {unknown}
 m - a scroll of magic mapping {unknown}
 n - 2 scrolls of teleportation {unknown}
 p - 10 scrolls of identify
 r - 2 scrolls of fog {unknown}
 u - 3 scrolls of immolation {unknown}
 w - 2 scrolls of amnesia
 x - 2 scrolls of random uselessness {unknown}
 y - a scroll of blinking {unknown}
 C - a scroll of recharging {unknown}
Potions
 j - a potion of mutation {unknown}
 k - a potion of brilliance {unknown}
 v - 2 potions of beneficial mutation {unknown}
 z - a potion of berserk rage {unknown}
 A - 3 potions of degeneration {unknown}
 J - 2 potions of curing {unknown}
 K - a potion of might
 L - a potion of flight
 P - a potion of heal wounds
Books
 c - a book of Debilitation

   Spells                             Type                      Level
   a - Corona                         Hexes                        1
   b - Slow                           Hexes                        2
   c - Gell's Gravitas                Hexes/Translocation          3
   d - Inner Flame                    Hexes/Fire                   3
   e - Cause Fear                     Hexes                        4
   f - Leda's Liquefaction            Hexes/Earth                  4
 B - a book of Cantrips

   Spells                             Type                      Level
   a - Confusing Touch                Hexes                        1
   b - Animate Skeleton               Necromancy                   1
   c - Summon Small Mammal            Summoning                    1
   d - Apportation                    Translocation                1
Comestibles
 f - 4 bread rations
 o - 2 meat rations
 q - 4 beef jerkies
 s - 8 fruits
 D - a chunk of flesh


   Skills:
 + Level 4.8 Fighting
 * Level 10.4 Bows
 + Level 1.5 Armour
 - Level 3.7 Dodging
 - Level 1.0 Spellcasting
 + Level 5.4 Hexes


You had 9 spell levels left.
You knew the following spells:

 Your Spells              Type           Power        Failure   Level  Hunger
a - Corona                Hex            ##.....      3%          1    ##.....


Dungeon Overview and Level Annotations

Branches:
Dungeon (8/15)             Temple (1/1) D:5
   Lair: D:8-11

Altars:
Ashenzari
Cheibriados
Dithmenos
Elyvilon
Fedhas
Gozag
Hepliaklqana
Makhleb
Nemelex Xobeh
Okawaru
Qazlal
Ru
Sif Muna
Uskayaw
Vehumet
Xom
Yredelemnul
Zin
The Shining One

Shops:
D:6 *   D:7 }

Annotations:
D:6 Duvessa
D:8 Pikel


Innate Abilities, Weirdness & Mutations

You have hooves in place of feet.
Armour fits poorly on your strangely shaped body.
You cover ground very quickly.
You have extremely tough skin. (AC +3)


Message History

The hound misses you.
The crimson imp blinks!
The hound completely misses you.
You closely miss the hound.
The hound is moderately wounded.
The hound bites you.
You barely miss the hound. You kick the hound.
The hound is heavily wounded.
The hound closely misses you. x2; The crimson imp blinks!
You miss the hound.
The hound is severely wounded.
The hound bites you but does no damage. The hound completely misses you.
You closely miss the hound. You kick the hound.
You kill the hound!
Okawaru accepts your kill.
The crimson imp zaps a wand.
The bolt of lightning hits you!
It is a wand of lightning.
A bullfrog comes into view.
The bullfrog gives a loud, deep croak!
The crimson imp zaps a wand.
The bolt of lightning hits you!
The crimson imp zaps a wand.
The bolt of lightning hits you!
You die...

##.######## #pF#
#...#K#
.######5#
....###.#
........########
###.............
#####.########
#@# #<#
#........
#########


You could see Pikel, a slave, a bullfrog and a crimson imp.

Vanquished Creatures
  Menkaure (D:7)
  Edmund (D:6)
  An orc warrior (D:7)
  An ice beast (D:6)
  A sky beast (D:7)
  A phantom (D:4)
  2 ogres
  2 scorpions
  2 howler monkeys (D:5)
  3 crimson imps
  An orc priest (D:7)
  2 hounds
  2 centaur skeletons
  An iguana (D:7)
  2 orc wizards (D:7)
  Natasha (thrice) (D:2)
  4 worker ants
  A killer bee zombie (D:7)
  3 hound skeletons
  Robin (D:1)
  4 gnolls
  9 adders
  2 shadow imps (D:7)
  2 adder skeletons (D:7)
  4 worms
  A dart slug (D:1)
  6 leopard geckos
  12 orcs
  4 giant cockroaches
  18 goblins
  13 hobgoblins
  7 jackals
  6 quokkas
  2 ball pythons
  6 bats
  6 frilled lizards
  11 kobolds
  A quokka skeleton (D:7)
  A quokka zombie (D:5)
  10 rats
160 creatures vanquished.

Notes
Turn   | Place    | Note
-------+----------+-------------------------------------------
     0 | D:1      | Deemzul the Centaur Arcane Marksman began the quest for the Orb.
     0 | D:1      | Reached XP level 1. HP: 16/16 MP: 2/2
    85 | D:1      | Reached skill level 3 in Bows
   304 | D:1      | Reached XP level 2. HP: 18/23 MP: 3/3
   590 | D:1      | Reached XP level 3. HP: 27/28 MP: 4/4
   781 | D:1      | Reached skill level 4 in Bows
  1012 | D:2      | Noticed Robin
  1415 | D:1      | Reached XP level 4. HP: 32/35 MP: 5/5
  1500 | D:1      | Killed Robin
  1848 | D:2      | Reached skill level 5 in Bows
  1970 | D:2      | Noticed Natasha
  1977 | D:2      | Killed Natasha
  2109 | D:2      | Noticed Natasha
  2116 | D:2      | Killed Natasha
  2116 | D:2      | Reached XP level 5. HP: 34/41 MP: 6/6
  2136 | D:2      | Noticed Natasha
  2140 | D:2      | Killed Natasha
  2562 | D:3      | Found an iron altar of Okawaru.
  2584 | D:3      | Became a worshipper of Warmaster Okawaru
  2956 | D:3      | Found a faded altar of an unknown god.
  2956 | D:3      | Found a shadowy altar of Dithmenos.
  2964 | D:3      | Found a faded altar of an unknown god.
  2984 | D:3      | Found a faded altar of an unknown god.
  2986 | D:3      | Found a faded altar of an unknown god.
  3093 | D:4      | Noticed a phantom
  3109 | D:3      | Reached skill level 6 in Bows
  3109 | D:3      | Reached XP level 6. HP: 31/50 MP: 7/7
  3626 | D:4      | Reached * piety under Okawaru
  3717 | D:4      | Reached skill level 7 in Bows
  3717 | D:4      | Reached XP level 7. HP: 57/57 MP: 6/8
  4300 | D:5      | Entered Level 5 of the Dungeon
  4403 | D:5      | Found a sparkling altar of Nemelex Xobeh.
  4595 | D:5      | Reached skill level 8 in Bows
  4616 | D:5      | Found a white marble altar of Elyvilon.
  4638 | D:5      | Found a burning altar of Makhleb.
  4799 | D:5      | Found a staircase to the Ecumenical Temple.
  4812 | Temple   | Entered the Ecumenical Temple
  5042 | D:5      | Found a snail-covered altar of Cheibriados.
  5363 | D:6      | Found Tamyanall's General Store.
  5377 | D:6      | Bought a potion of heal wounds for 65 gold pieces
  5377 | D:6      | Bought a scroll of identify for 26 gold pieces
  5393 | D:6      | Reached ** piety under Okawaru
  5393 | D:6      | Reached skill level 9 in Bows
  5393 | D:6      | Reached XP level 8. HP: 66/66 MP: 9/9
  5397 | D:6      | Noticed Edmund
  5399 | D:6      | Noticed Duvessa
  5423 | D:6      | Killed Edmund
  5690 | D:7      | Noticed Menkaure
  5703 | D:7      | Killed Menkaure
  5703 | D:7      | Reached skill level 5 in Hexes
  5811 | D:7      | Found Lomuplug's Gadget Shop.
  5847 | D:7      | Reached skill level 1 in Armour
  6104 | D:7      | Reached skill level 10 in Bows
  6727 | D:7      | Reached XP level 9. HP: 57/73 MP: 10/10
  6758 | D:8      | Noticed Pikel
  6848 | D:8      | Killed from afar by a crimson imp

Vault maps used:
D:1:      dpeg_arrival_boxes_within_box, minmay_box_of_dots
D:2:      uniq_robin, uniq_natasha
D:3:      chequers_temple_overflow_minitemple, okawaru_trees_1
D:4:      first_bread
D:5:      nicolae_overflow_quartered_altars
D:6:      serial_shops, shop_statue, hangedman_decor_clover_reticule,
          uniq_edmund, uniq_duvessa
D:7:      serial_shops, nicolae_shop_statue_plus, uniq_menkaure
D:8:      grunt_temple_overflow_bloody_war, kiku_gazebo_pond_becter, uniq_pikel
Temple:   cyrus_circular_temple

Skill      XL: |  1  2  3  4  5  6  7  8 |
---------------+-------------------------+-----
Bows           | 3 4 5 6 7 9 10 | 10.4
Hexes          | 3 4 5 |  5.4
Dodging        | 2 3 |  3.7
Fighting       | 2 3 4 |  4.8
Armour         | 1 |  1.5
Spellcasting   | |  1.0

Action                   |  1- 3 |  4- 6 |  7- 9 || total
-------------------------+-------+-------+-------++-------
Melee: Whip              |    64 |   156 |   282 ||   502
       Kick              |     9 |    24 |    70 ||   103
 Fire: Shortbow          |    41 |    21 |    17 ||    79
       Blowgun           |       |    12 |       ||    12
 Cast: Corona            |    12 |     3 |    13 ||    28
Invok: Heroism           |       |       |     1 ||     1
  Use: Potion            |       |       |     5 ||     5
       Scroll            |       |       |     2 ||     2
  Eat: Chunk             |     1 |     6 |     9 ||    16
Armor: Robe              |    41 |    49 |    75 ||   165
Dodge: Dodged            |    66 |    91 |   218 ||   375
